 Dungeon Crawl Stone Soup version 0.27.1-16-g815e20cd7a (webtiles) character file.

Game seed: 8828400000765449339

24 Eitelfritz the Poker (level 3, -2/28 HPs)
             Began as a Merfolk Gladiator on Nov 22, 2021.
             Slain by a gnoll (5 damage)
             ... on level 2 of the Dungeon.
             The game lasted 00:02:28 (890 turns).

Eitelfritz the Poker (Merfolk Gladiator)             Turns: 890, Time: 00:02:29

Health: -2/28      AC:  5    Str: 14    XL:     3   Next: 2%
Magic:  3/3        EV: 13    Int:  8    God:
Gold:   44         SH:  0    Dex: 15    Spells: 2/2 levels left

rFire    . . .     SeeInvis .   a - +0 trident
rCold    . . .     Faith    .   (no shield)
rNeg     . . .     Spirit   .   b - +0 leather armour
rPois    .         Reflect  .   c - +0 helmet
rElec    .         Harm     .   g - +0 cloak
rCorr    .         Rampage  .   (no gloves)
Will     .....                  (no boots)
Stlth    +.........             i - amulet of the acrobat
HPRegen  0.09/turn              (no ring)
MPRegen  0.08/turn              (no ring)

@: no status effects
A: (nimble swimmer 2), mertail
a: no special abilities


You were on level 2 of the Dungeon.
You visited 1 branch of the dungeon, and saw 2 of its levels.

You collected 54 gold pieces.
You spent 10 gold pieces at shops.

Inventory:

Hand Weapons
 a - a +0 trident (weapon)
Missiles
 d - 3 throwing nets (quivered)
Armour
 b - a +0 leather armour (worn)
 c - a +0 helmet (worn)
 g - a +0 cloak (worn)
Jewellery
 i - an amulet of the acrobat (around neck)
Scrolls
 h - a scroll of brand weapon {unknown}
 k - 3 scrolls of identify {unknown}
Potions
 e - a potion of attraction {unknown}
 f - a potion of heal wounds {unknown}
 j - 2 potions of curing {unknown}


   Skills:
 + Level 2.5 Fighting
 + Level 5.1 Polearms
 + Level 2.1 Throwing
 + Level 4.4 Dodging


You had 2 spell levels left.
You didn't know any spells.
Your spell library was empty.

Dungeon Overview and Level Annotations

Branches:
Dungeon (2/15)

Altars:

Shops:
D:1 !=(([


Innate Abilities, Weirdness & Mutations

((You are quick and stealthy near water. (Stealth+, EV+, Speed+++)))
Your lower body shifts to a powerful aquatic tail in water.


Message History

Press: ? - help, Dir - move target, f - gnoll
Aim: a gnoll, wielding a +0 flail (about 36% to evade your +0 trident)
You reach to attack!
You puncture the gnoll!
The gnoll is almost dead.
You closely miss the gnoll.
The gnoll is almost dead.
The gnoll closely misses you.
You hit the gnoll.
You kill the gnoll!
The gnoll barely misses you.
Your Polearms skill increases to level 5!
You have reached level 3!
Your experience leads to an increase in your attributes!
Increase (S)trength, (I)ntelligence, or (D)exterity?
You feel clever.
You hit the gnoll but do no damage. The gnoll hits you with a +0 whip.
You hit the gnoll but do no damage. The gnoll barely misses you.
You closely miss the gnoll. The gnoll hits you with a +0 whip.
You hit the gnoll but do no damage. The gnoll hits you with a +0 whip.
You hit the gnoll.
The gnoll is heavily wounded.
The gnoll hits you with a +0 whip.
You closely miss the gnoll.
The gnoll is heavily wounded.
The gnoll hits you with a +0 whip!
You closely miss the gnoll.
The gnoll is heavily wounded.
The gnoll hits you with a +0 whip.
* * * LOW HITPOINT WARNING * * *
You closely miss the gnoll.
The gnoll is heavily wounded.
The gnoll completely misses you.
You hit the gnoll.
The gnoll is heavily wounded.
The gnoll hits you with a +0 whip.
* * * LOW HITPOINT WARNING * * *
You closely miss the gnoll.
The gnoll is heavily wounded.
The gnoll hits you with a +0 whip.
You die...

#........# ..
#.......# ......
#.......# .......
#..!....##.......
#.....#..........
#................
#........#.......
#.....g).........
#......@.........
#........<.......
#..†.............
#..............##
#................
#...#.......####.
#...#.........
................
................


You could see a gnoll.

Vanquished Creatures
  A gnoll (D:2)
  3 ball pythons (D:1)
  2 bats
  An endoplasm (D:1)
  2 giant cockroaches (D:1)
  A hobgoblin (D:1)
  A kobold (D:1)
  A quokka (D:1)
  A goblin (D:1)
  A rat (D:1)
14 creatures vanquished.

Notes
Turn   | Place    | Note
-------+----------+-------------------------------------------
     0 | D:1      | Eitelfritz the Merfolk Gladiator began the quest for the
                  | Orb.
     0 | D:1      | Reached XP level 1. HP: 16/16 MP: 1/1
    52 | D:1      | Found Ebry's Antique Weapon Shop.
   123 | D:1      | Found Eklu Jas's Distillery.
   224 | D:1      | Bought a potion of degeneration for 10 gold pieces
   322 | D:1      | Found Lawojae's Jewellery Shop.
   511 | D:1      | Reached XP level 2. HP: 22/22 MP: 2/2
   520 | D:1      | Found Xiklilof's Armour Emporium.
   811 | D:1      | Found Qoov Xiu's Weapon Boutique.
   881 | D:2      | Reached skill level 5 in Polearms
   881 | D:2      | Reached XP level 3. HP: 28/28 MP: 3/3
   890 | D:2      | Slain by a gnoll

Illustrated notes

Levels and vault maps discovered:
D:1:      wander_arrival_lonely_grave, layout_basic, serial_shops, shop, shop,
          nicolae_shop_crystal, shop, shop
D:2:      kennysheep_big_flooded_room, layout_basic,
          ebering_ecumenical_altar_box, solitary_fountain,
          chequers_serial_rivers_micro_b, serial_park_tiny_pond

Skill      XL: |  1  2 |
---------------+-------+-----
Polearms       | 5 |  5.1
Fighting       | |  2.5
Throwing       | |  2.1
Dodging        | |  4.4

Action                   || total
-------------------------++-------
Melee: Trident           ||    45
Armor: Leather armour    ||     9
Dodge: Dodged            ||    31
